 Dungeon Crawl Stone Soup version 0.27-a0-1065-ge809cff456 (webtiles) character file.

Game seed: 2622536215654865472

270 DarkShadow the Covered (level 6, -1/53 HPs)
             Began as a Minotaur Fighter on Apr 22, 2021.
             Slain by a worm (3 damage)
             ... on level 2 of the Dungeon.
             The game lasted 00:03:51 (1213 turns).

DarkShadow the Covered (Minotaur Fighter)           Turns: 1213, Time: 00:03:51

Health: -1/53      AC:  9    Str: 23    XL:     6   Next: 1%
Magic:  5/5        EV:  3    Int:  5    God:
Gold:   69         SH: 10    Dex:  9    Spells: 5/5 levels left

rFire    . . .     SeeInvis .   a - +0 long sword
rCold    . . .     Faith    .   c - +0 kite shield
rNeg     . . .     Spirit   .   e - +0 chain mail
rPois    .         Reflect  .   (helmet restricted)
rElec    .         Harm     .   (no cloak)
rCorr    .         Rampage  .   (no gloves)
Will     .....                  (no boots)
Stlth    ..........             (no amulet)
HPRegen  0.17/turn              (no ring)
MPRegen  0.09/turn              (no ring)

@: constricted
A: horns 2, retaliatory headbutt
a: no special abilities


You were on level 2 of the Dungeon.
You visited 1 branch of the dungeon, and saw 2 of its levels.

You collected 69 gold pieces.

Inventory:

Hand Weapons
 a - a +0 long sword (weapon)
Armour
 b - a +0 scale mail
 c - a +0 kite shield (worn)
 e - a +0 chain mail (worn)
Jewellery
 h - a ring of flight
 i - a ring of wizardry
Wands
 k - a wand of digging (2)
Scrolls
 g - a scroll of enchant armour {unknown}
Potions
 d - a potion of might
 j - a potion of magic {unknown}
 l - a potion of flight {unknown}
 m - a potion of curing {unknown}


   Skills:
 + Level 4.7 Fighting
 + Level 4.8 Long Blades
 + Level 5.1 Armour
 + Level 5.0 Shields


You had 5 spell levels left.
You didn't know any spells.
Your spell library was empty.

Dungeon Overview and Level Annotations

Branches:
Dungeon (2/15)

Altars:

Shops:
D:1 (


Innate Abilities, Weirdness & Mutations

You have a pair of horns on your head.
You reflexively headbutt those who attack you in melee.


Message History

The ball python constricts you.
Your Long Blades skill increases to level 4!
Your Armour skill increases to level 5!
Your Shields skill increases to level 5!
You have reached level 5!
You have reached level 6!
Your experience leads to an increase in your attributes!
Increase (S)trength, (I)ntelligence, or (D)exterity?
Uppercase letters only, please.
Welcome back, DarkShadow the Minotaur Fighter.
Press ? for a list of commands and other information.
You have reached level 6!
Your experience leads to an increase in your attributes!
Increase (S)trength, (I)ntelligence, or (D)exterity?
You feel stronger.
You hit the worm. You headbutt the worm.
The worm is moderately wounded.
You block the ball python's attack.
* * * LOW HITPOINT WARNING * * *
The ball python constricts you. The worm bites you.
* * * LOW HITPOINT WARNING * * *
The ball python bites you but does no damage.
The ball python constricts you.
You hit the worm.
The worm is heavily wounded.
The ball python bites you but does no damage.
The ball python constricts you.
You hit the worm. Your headbutt misses the worm.
The worm is severely wounded.
You block the ball python's attack. The ball python constricts you.
The worm bites you but does no damage.
The ball python bites you but does no damage.
* * * LOW HITPOINT WARNING * * *
The ball python constricts you.
As you read the scroll labelled CEAGGAYKKE, it crumbles to dust.
It is a scroll of amnesia.
You feel forgetful for a moment. The ball python bites you.
* * * LOW HITPOINT WARNING * * *
The ball python constricts you. The worm bites you.
You die...

#....).........##.
######...........
#.......#####
#............ ..
###+#....####..#
#.........#..
#...........#
#....###...#.
#....@w...#..
#...#.S.....#
#...#......#.
#...###......
#...# .....# #...#
.....# #... .....
.....


You could see a worm and a ball python.

Vanquished Creatures
  Sigmund (D:2)
  Terence (D:2)
  Jessica (D:2)
  A gnoll (D:1)
  2 dart slugs (D:1)
  3 ball pythons (D:1)
  6 endoplasms
  A giant cockroach (D:1)
  3 goblins (D:1)
  4 hobgoblins
  2 jackals (D:1)
  4 kobolds
  3 frilled lizards
32 creatures vanquished.

Notes
Turn   | Place    | Note
-------+----------+-------------------------------------------
     0 | D:1      | DarkShadow the Minotaur Fighter began the quest for the
                  | Orb.
     0 | D:1      | Reached XP level 1. HP: 19/19 MP: 0/0
    69 | D:1      | Reached XP level 2. HP: 25/27 MP: 1/1
   328 | D:1      | Found Burchewo's Antique Weapon Shoppe.
   329 | D:1      | Found a faded altar of an unknown god.
   682 | D:1      | Reached XP level 3. HP: 33/33 MP: 2/2
  1050 | D:2      | Noticed Jessica
  1054 | D:2      | Killed Jessica
  1055 | D:2      | Reached XP level 4. HP: 40/40 MP: 3/3
  1126 | D:2      | Noticed Terence
  1134 | D:2      | Killed Terence
  1193 | D:2      | Noticed Sigmund
  1209 | D:2      | Killed Sigmund
  1210 | D:2      | Reached skill level 5 in Armour
  1210 | D:2      | Reached skill level 5 in Shields
  1210 | D:2      | Reached XP level 5. HP: 6/47 MP: 4/4
  1210 | D:2      | Reached XP level 6. HP: 7/53 MP: 5/5
  1213 | D:2      | HP: 2/53 [ball python (2)]
  1213 | D:2      | Slain by a worm

Illustrated notes

Levels and vault maps discovered:
D:1:      psy_arrival_whirlpool, layout_basic, ebering_ecumenical_altar_box,
          serial_shops, shop
D:2:      layout_basic, basic_altar, minmay_misc_feat_diagonals, uniq_jessica,
          uniq_terence, uniq_sigmund

Skill      XL: |  1  2  3  4 |
---------------+-------------+-----
Fighting       | 4 |  4.7
Armour         | 4 5 |  5.1
Shields        | 4 5 |  5.0
Long Blades    | 3 4 |  4.8

Action                   |  1- 3 |  4- 6 || total
-------------------------+-------+-------++-------
Melee: Long sword        |    57 |    31 ||    88
       Headbutt          |    10 |     4 ||    14
  Use: Scroll            |       |     1 ||     1
Armor: Chain mail        |    34 |    23 ||    57
Dodge: Dodged            |    15 |     3 ||    18
Block: Kite shield       |    42 |    14 ||    56
       Rpst.: Long sword |     5 |       ||     5

Table legend: (Time is in decaauts)
 A = Elapsed time spent in this place.
 B = Non-inter-level travel time spent in this place.
 C = Inter-level travel time spent in this place.
 D = Time resting spent in this place.
 E = Time spent auto-exploring this place.
 F = Levels seen in this place.
 G = Mean time per level.
                   A        B        C        D        E       F      G
               +--------+--------+--------+--------+--------+-----+--------+
         Total |   1255 |   1239 |     16 |    178 |    808 |   2 |  627.5 |
       Dungeon |   1255 |   1239 |     16 |    178 |    808 |   2 |  627.5 |
               +--------+--------+--------+--------+--------+-----+--------+

Top non-repeatable levels by time:
     D:1: 1078 daAuts
     D:2: 177 daAuts
